 Dungeon Crawl Stone Soup version 0.29.1-15-g9cfb28693d (webtiles) character file.

Game seed: 827653753543201705

37 BuddhaDhamma the Chopper (level 3, -8/31 HPs)
             Began as a Minotaur Berserker on Mar 8, 2023.
             Was a Believer of Trog.
             Engulfed by a cloud of flame (15 damage)
             ... on level 1 of the Dungeon.
             The game lasted 00:02:11 (1166 turns).

BuddhaDhamma the Chopper (Minotaur Berserker)       Turns: 1166, Time: 00:02:12

Health: -8/31      AC:  6    Str: 23    XL:     3   Next: 23%
Magic:  2/2        EV: 11    Int:  4    God:    Trog [**....]
Gold:   30         SH:  0    Dex:  9    Spells: 2/2 levels left

rFire   . . .      SeeInvis .   a - +0 hand axe
rCold   . . .      Faith    .   (no shield)
rNeg    . . .      Spirit   .   h - +0 ring mail
rPois   .          Reflect  .   (helmet restricted)
rElec   .          Harm     .   (no cloak)
rCorr   .          Rampage  .   e - +0 pair of gloves
Will    .....                   (no boots)
Stlth   ..........              (no amulet)
HPRegen 0.10/turn               (no ring)
MPRegen 0.08/turn               (no ring)

@: no status effects
A: horns 2, retaliatory headbutt
a: Renounce Religion, Berserk, Trog's Hand


You were on level 1 of the Dungeon.
You worshipped Trog.
Trog was pleased with you.
You visited 1 branch of the dungeon, and saw 1 of its levels.

You collected 30 gold pieces.

Inventory:

Hand Weapons
 a - a +0 hand axe (weapon)
Armour
 e - a +0 pair of gloves (worn)
 h - a +0 ring mail (worn)
Jewellery
 c - a ring of resist corrosion
Scrolls
 d - 2 scrolls of teleportation {unknown}
 f - a scroll of identify {unknown}
Potions
 g - a potion of curing {unknown}


   Skills:
 - Level 3.6 Fighting
 + Level 5.3 Axes
 - Level 2.4 Armour
 - Level 2.1 Dodging


You had 2 spell levels left.
You didn't know any spells.
Your spell library was empty.

Dungeon Overview and Level Annotations

Branches:
Dungeon (1/15)

Altars:

Shops:
D:1 ![!


Innate Abilities, Weirdness & Mutations

You have a pair of horns on your head.
You reflexively headbutt those who attack you in melee.


Message History

You finish taking off your +0 animal skin.
You start putting on your armour.
You continue putting on your +0 ring mail. x5
You finish putting on your +0 ring mail.
You drop a +0 animal skin.
A quokka comes into view.
A quokka is nearby!
No reachable target in view!
No reachable target in view!
No reachable target in view!
You now have 30 gold pieces (gained 6).
The quokka closely misses you. The quokka bites you.
You barely miss the quokka.
The quokka bites you but does no damage.
You barely miss the quokka. The quokka bites you.
You hit the quokka but do no damage. The quokka misses you.
The quokka bites you but does no damage.
You barely miss the quokka. Your headbutt misses the quokka.
The quokka barely misses you. You furiously retaliate!
You headbutt the quokka. You closely miss the quokka.
Your headbutt misses the quokka.
The quokka is almost dead.
The quokka bites you but does no damage.
You closely miss the quokka. You headbutt the quokka.
You kill the quokka!
Trog accepts your kill.
You see here a quokka corpse.
You see here a +0 animal skin.
An endoplasm comes into view.
The endoplasm quivers.
The endoplasm hits you but does no damage.
You hit the endoplasm.
You kill the endoplasm!
Trog accepts your kill.
Really walk into a travel-excluded area?
You are engulfed in blazing flames.
Ouch! That really hurt!
* * * LOW HITPOINT WARNING * * *
You are engulfed in blazing flames.
You die...

########## ##........##
#####.[#####...# #......# #○§§#
###.##...# #☼☼@# .........#
#☼○°# ###.†^...#####...##### #
#.###.#.☼...$$$.§§§.## #
#.#.....§☼§.$.$.°.§..#####
#.#.#†#.§.§.$$$.§☼§......######
###.#...######...###
#.....)..... ....##.## #.§.#
#.###.#####. ###.##.# #.# #.#
##.


There were no monsters in sight!

Vanquished Creatures
  2 bats (D:1)
  4 endoplasms (D:1)
  A giant cockroach (D:1)
  5 goblins (D:1)
  2 hobgoblins (D:1)
  4 kobolds (D:1)
  3 quokkas (D:1)
  7 ball pythons (D:1)
  2 frilled lizards (D:1)
  3 rats (D:1)
33 creatures vanquished.

Vanquished Creatures (others)
  3 fungi (D:1)
  4 toadstools (D:1)
7 creatures vanquished.

Grand Total: 40 creatures vanquished

Notes
Turn   | Place    | Note
-------+----------+-------------------------------------------
     0 | D:1      | BuddhaDhamma the Minotaur Berserker began the quest for the
                  | Orb.
     0 | D:1      | Reached XP level 1. HP: 19/19 MP: 0/0
   121 | D:1      | Reached skill level 4 in Axes
   299 | D:1      | Reached XP level 2. HP: 24/26 MP: 1/1
   655 | D:1      | Found Ruexzesk's Antique Armour Shoppe.
   657 | D:1      | Found Veonak's Distillery.
   824 | D:1      | Reached ** piety under Trog
   825 | D:1      | Reached skill level 5 in Axes
   877 | D:1      | Reached XP level 3. HP: 31/31 MP: 2/2
  1021 | D:1      | Found Gikaul's Distillery.
  1166 | D:1      | Engulfed by a cloud of flame

Illustrated notes

Levels and vault maps discovered:
D:1:      ldierk_water_garden, layout_loops_ring, serial_shops,
          nicolae_shop_competitors_out_of_business, shop_statue, shop,
          dreamdust_mushroom_princess, minmay_misc_feat_square, moated_statue,
          lemuel_flame_loot_1

Skill      XL: |  1  2 |
---------------+-------+-----
Axes           | 4 5 |  5.3
Fighting       | |  3.6
Armour         | |  2.4
Dodging        | |  2.1

Action                   || total
-------------------------++-------
Melee: Hand axe          ||    59
       Headbutt          ||     6
 Stab: Sleeping          ||     1
Armor: Animal skin       ||     7
       Ring mail         ||     4
Dodge: Dodged            ||    35
